 Dungeon Crawl Stone Soup version 0.15.1-1-gfacfea3 (webtiles) character file.

91 Johnny the Insei (level 4, 0/35 HPs)
             Began as a Demigod Transmuter on Sept 24, 2014.
             Slain by a gnoll
             ... wielding a +0 whip
              (10 damage)
             ... on Level 3 of the Dungeon.
             The game lasted 00:05:00 (2094 turns).

Johnny the Insei (Demigod Transmuter)               Turns: 2094, Time: 00:05:00

HP   0/35        AC  4     Str 13      XL: 4   Next: 11%
MP  10/11        EV 11     Int 18      God:
Gold 106         SH  0     Dex 18      Spells:  1 memorised,  6 levels left

rFire  . . .     SeeInvis .       - Unarmed
rCold  . . .     Clarity  .     n - +0 leather armour
rNeg   . . .     rCorr    .     (no shield)
rPois  .         rRot     .     (no helmet)
rElec  .         Spirit   .     q - +0 cloak
SustAb .         Warding  .     (no gloves)
rMut   .         Stasis   .     (boots unavailable)
Gourm  .                        (no amulet)
MR     .....                    (no ring)
                                (no ring)

@: appendage (expiring), not resistant to hostile enchantments, unstealthy
A: talons 3
a: End Transformation


You were on level 3 of the Dungeon.
You were not hungry.
You had grown temporary talons.
You visited 1 branch of the dungeon, and saw 3 of its levels.

You collected 106 gold pieces.

Inventory:

Missiles
 b - 36 arrows
 o - 15 arrows of frost
Armour
 k - a +0 cloak
 n - a +0 leather armour (worn)
 q - a +0 cloak (worn)
Comestibles
 a - 3 bread rations
 c - a royal jelly
 i - a beef jerky
 j - 3 meat rations
Scrolls
 g - a scroll of teleportation {unknown}
 h - a scroll of remove curse {unknown}
 l - a scroll of magic mapping {unknown}
 p - a scroll of identify {unknown}
 u - a scroll of random uselessness {unknown}
Potions
 e - a potion of haste {unknown}
 f - a potion of curing {unknown}
 m - a potion of resistance {unknown}
 r - a potion of agility {unknown}
 s - a potion of brilliance {unknown}
 t - a potion of cancellation {unknown}
Books
 d - a book of Changes

   Spells                             Type                      Level
   *Beastly Appendage                 Transmutation                1
   Sticks to Snakes                   Transmutation                2
   Spider Form                        Transmutation/Poison         3
   Ice Form                           Ice/Transmutation            4
   Blade Hands                        Transmutation                5


   Skills:
 * Level 1.6 Fighting
 + Level 2.0 Dodging
 + Level 1.5 Stealth
 + Level 2.9 Unarmed Combat
 * Level 2.4 Spellcasting
 * Level 2.5 Transmutations


You had 6 spell levels left.
You knew the following spells:

 Your Spells              Type           Power        Failure   Level  Hunger
a - Beastly Appendage     Trmt           ##....       8%          1    #......


Dungeon Overview and Level Annotations

Branches:
Dungeon (3/15)


Innate Abilities, Weirdness & Mutations

You have claws for feet.


Message History

Unknown command.
You hit the bat but do no damage. The bat hits you but does no damage.
You hit the bat. Your kick misses the bat.
The bat is almost dead.
The bat hits you.
The gnoll hits you from afar with a spear.
You hit the bat.
You kill the bat!
The gnoll barely misses you.
There is an open door here.
You barely miss the gnoll.
Your transformation is almost over.
The gnoll hits you from afar with a spear.
The gnoll closely misses you.
You hit the gnoll.
The gnoll is lightly wounded.
The gnoll hits you from afar with a spear!
* * * LOW HITPOINT WARNING * * *
The gnoll hits you with a whip!
You die...

### #.##..#...##.#. ...
.........<... #.#
######....%.(.# #####(#
J...........# #.....#
########...(# #.....#
#...##...)### #.....#
#......##.##
#....g###......##..#
#....wgg@......###'###
.........###......##....#
.......## #......##....#
[...... #.....###....#
....... #.....###....#
...g.. #######......#
..... #......## ...#
#.......# #.....#.#


You could see a worm and 3 gnolls.

Vanquished Creatures
  A gnoll (D:3)
  3 adders
  A giant mite (D:2)
  2 giant geckos (D:1)
  6 bats
  3 giant cockroaches
  4 goblins
  9 hobgoblins
  A ball python (D:2)
  3 giant newts (D:2)
  7 kobolds
  4 rats (D:2)
44 creatures vanquished.

Notes
Turn   | Place    | Note
--------------------------------------------------------------
     0 | D:1      | Johnny, the Demigod Transmuter, began the quest for the Orb.
     0 | D:1      | Reached XP level 1. HP: 15/15 MP: 3/3
    24 | D:1      | Reached skill level 1 in Fighting
   171 | D:1      | Found a sparkling altar of Nemelex Xobeh.
   297 | D:1      | Reached XP level 2. HP: 17/23 MP: 4/4
   854 | D:2      | Reached skill level 1 in Stealth
  1075 | D:2      | Reached XP level 3. HP: 25/28 MP: 6/8
  2088 | D:3      | Reached XP level 4. HP: 23/35 MP: 9/11
  2094 | D:3      | Slain by a gnoll

Action                   |  1- 3 |  4- 6 || total
-------------------------+-------+-------++-------
Melee: Unarmed           |   178 |     5 ||   183
 Cast: Beastly Appendage |    16 |       ||    16
 Stab: Sleeping          |     2 |       ||     2
       Distracted        |     1 |       ||     1
  Eat: Chunk             |     4 |       ||     4
